 Dungeon Crawl Stone Soup version 0.27-a0-1273-gec92ba881d (webtiles) character file.

Game seed: 17950560355927525475

3 rabbitsville the Skirmisher (level 1, 0/18 HPs)
             Began as a Demonspawn Monk on June 12, 2021.
             Slain by a hobgoblin (3 damage)
             ... on level 1 of the Dungeon.
             The game lasted 00:01:58 (165 turns).

rabbitsville the Skirmisher (Demonspawn Monk)        Turns: 165, Time: 00:01:58

Health: 0/18       AC:  2    Str: 11    XL:     1   Next: 41%
Magic:  1/1        EV: 12    Int: 11    God:
Gold:   10         SH:  0    Dex: 15    Spells: 0/0 levels left

rFire    . . .     SeeInvis .   a - +0 spear
rCold    . . .     Faith    .   (no shield)
rNeg     . . .     Spirit   .   b - +0 robe
rPois    .         Reflect  .   (no helmet)
rElec    .         Harm     .   (no cloak)
rCorr    .         Rampage  .   (no gloves)
Will     .....                  (no boots)
Stlth    ++........             (no amulet)
HPRegen  0.06/turn              (no ring)
MPRegen  0.07/turn              (no ring)

@: attractive
A: no striking features
a: no special abilities


You were on level 1 of the Dungeon.
You visited 1 branch of the dungeon, and saw 1 of its levels.

You collected 10 gold pieces.

Inventory:

Hand Weapons
 a - a +0 spear (weapon)
Missiles
 e - 10 stones (quivered)
Armour
 b - a +0 robe (worn)
Scrolls
 c - a scroll of fog {unknown}
 f - a scroll of brand weapon {unknown}


   Skills:
 + Level 3.0 Fighting
 * Level 2.8 Polearms
 - Level 2.6 Dodging
 - Level 1.7 Stealth


You couldn't memorise any spells.
You didn't know any spells.
Your spell library was empty.

Dungeon Overview and Level Annotations

Branches:
Dungeon (1/15)

Altars:


Message History

You kill the endoplasm!
You start resting.
HP restored.
Found a scroll labelled JUENEY KAURI.
f - a scroll labelled JUENEY KAURI
Found 10 gold pieces.
An endoplasm comes into view.
You see here 10 gold pieces.
You see here 10 gold pieces.
You now have 10 gold pieces.
You open the door.
A rat and a hobgoblin come into view.
The hobgoblin shouts!
The rat moves out of view.
The endoplasm quivers.
The endoplasm jiggles.
Reach: a) +0 spear
Press: ? - help, Dir - move target, f - endoplasm
Aim: an endoplasm (about 13% to evade your +0 spear)
You reach to attack!
You hit the endoplasm.
The endoplasm is almost dead.
You barely miss the endoplasm.
The endoplasm is almost dead.
The endoplasm freezes you.
You are frozen.
Reach: a) +0 spear
Press: ? - help, Dir - move target, f - hobgoblin, p - endoplasm
Aim: a hobgoblin (about 37% to evade your +0 spear)
The endoplasm is in the way.
You hit the endoplasm.
You kill the endoplasm!
You hit the hobgoblin but do no damage. The hobgoblin hits you.
You hit the hobgoblin but do no damage. The hobgoblin hits you.
It was a potion of attraction.
You feel attractive to monsters. The hobgoblin hits you.
* * * LOW HITPOINT WARNING * * *
Unknown command.
You hit the hobgoblin but do no damage. The hobgoblin closely misses you.
You closely miss the hobgoblin. The hobgoblin hits you.
You die...

...# ##...............
...#..................# ....
...#..................# ....
...#..................#.....
...#...... ...........#....
........# ##'##.........#
........####.....##......#
.....###.........##......###
.....# #........@gr.........
.....###.........#####......
.............#...# .....
............##...... ....
..##................. ...
######...##........... ..
#...##........... #
#...##..........#
#...##........


You could see a hobgoblin and a rat.

Vanquished Creatures
  2 endoplasms (D:1)
  A frilled lizard (D:1)
3 creatures vanquished.

Notes
Turn   | Place    | Note
-------+----------+-------------------------------------------
     0 | D:1      | rabbitsville the Demonspawn Monk began the quest for the
                  | Orb.
     0 | D:1      | Reached XP level 1. HP: 18/18 MP: 1/1
   165 | D:1      | Slain by a hobgoblin

Illustrated notes

Levels and vault maps discovered:
D:1:      minmay_arrival_wavy_path, layout_basic,
          hellmonk_ecumenical_altar_run_dry

Action                   || total
-------------------------++-------
Melee: Spear             ||    13
  Use: Potion            ||     1
Dodge: Dodged            ||     2

Table legend: (Time is in decaauts)
 A = Elapsed time spent in this place.
 B = Non-inter-level travel time spent in this place.
 C = Inter-level travel time spent in this place.
 D = Time resting spent in this place.
 E = Time spent auto-exploring this place.
 F = Levels seen in this place.
 G = Mean time per level.
                   A        B        C        D        E       F      G
               +--------+--------+--------+--------+--------+-----+--------+
         Total |    164 |    164 |      0 |     26 |      0 |   1 |  164.0 |
       Dungeon |    164 |    164 |      0 |     26 |      0 |   1 |  164.0 |
               +--------+--------+--------+--------+--------+-----+--------+

Top non-repeatable levels by time:
     D:1: 164 daAuts
